 Dungeon Crawl Stone Soup version 0.30-a0-390-g80c34de65d (webtiles) character file.

Game seed: 5300132171437169049

144 spardeous the Scratcher (level 5, -4/22 HPs)
             Began as a Felid Transmuter on Dec 4, 2022.
             Slain by an ogre
             ... wielding a +0 giant spiked club
              (26 damage)
             ... on level 4 of the Dungeon.
             The game lasted 00:04:39 (2901 turns).

spardeous the Scratcher (Felid Transmuter)          Turns: 2901, Time: 00:04:40

Health: -4/22      AC:  2    Str:  6    XL:     5   Next: 5%
Magic:  7/9        EV: 24    Int: 15    God:
Gold:   182        SH:  0    Dex: 23    Spells: 3/8 levels left
                                        Lives:  0   Deaths: 1

rFire   . . .      SeeInvis +      - Unarmed
rCold   . . .      Faith    .    (shield unavailable)
rNeg    . . .      Spirit   .    (body armour unavailable)
rPois   x          Reflect  .    (helmet unavailable)
rElec   .          Harm     .    (cloak unavailable)
rCorr   .          Rampage  .    (gloves unavailable)
Will    .....                    (boots unavailable)
Stlth   ++........               (no amulet)
HPRegen 0.23/turn                (no ring)
MPRegen 0.11/turn                (no ring)

@: spider-form (expiring)
A: venomous fangs, tiny, (claws 1), (fangs 3), see invisible, (speed 1), (shaggy
fur 2), (stealthy paws), no weapons or thrown items, no armour, multi-lived
a: End Transformation


You were on level 4 of the Dungeon.
You were a venomous arachnid creature.
You visited 1 branch of the dungeon, and saw 4 of its levels.

You collected 182 gold pieces.

Inventory:

Jewellery
 e - a ring of poison resistance
Wands
 f - a wand of mindburst (2)
 j - a wand of roots (7)
Scrolls
 c - 2 scrolls of blinking {unknown}
 d - 2 scrolls of identify {unknown}
 h - a scroll of torment {unknown}
 k - a scroll of butterflies {unknown}
 l - a scroll of silence {unknown}
 n - a scroll of immolation {unknown}
Potions
 a - 5 potions of lignification
 b - a potion of brilliance {unknown}
 g - 2 potions of might {unknown}
 i - a potion of flight {unknown}
 m - 2 potions of curing


   Skills:
 - Level 1.0 Fighting
 - Level 5.0 Dodging
 + Level 5.2 Unarmed Combat
 - Level 2.0 Spellcasting
 + Level 3.7 Transmutations


You had 3 spell levels left.
You knew the following spells:

 Your Spells              Type           Power      Damage    Failure   Level
a - Beastly Appendage     Tmut           24%        N/A       14%         1
b - Sting                 Tmut/Pois      28%        1d4       26%         1
c - Spider Form           Tmut/Pois      7%         N/A       52%         3

Your spell library contained the following spells:

 Spells                   Type           Power      Damage    Failure   Level
 Wereblood                Tmut           12%        N/A       19%         2
 Summon Small Mammal      Summ           4%         N/A       43%         1
 Poisonous Vapours        Pois/Air       2%         N/A       54%         2
 Call Canine Familiar     Summ           1%         N/A       75%         3
 Dazzling Flash           Conj/Hex       2%         N/A       75%         3
 Summon Guardian Golem    Hex/Summ       1%         N/A       75%         3
 Ice Form                 Ice/Tmut       7%         N/A       87%         4
 Iskenderun's Mystic Bla  Conj/Tloc      1%         2d3       98%         4
 Olgreb's Toxic Radiance  Pois           1%         N/A       98%         4
 Starburst                Conj/Fire      0%         6d3       100%        6


Dungeon Overview and Level Annotations

Branches:
Dungeon (4/15)
 Temple: D:4-7

Altars:
Ashenzari


Innate Abilities, Weirdness & Mutations

You are a venomous arachnid creature.
You have poisonous fangs.
You are tiny and dextrous.
Your spellcasting is less reliable in this form.
((You have sharp claws.))
((You have razor-sharp teeth.))
You have supernaturally acute eyesight. (SInv)
((You cover ground quickly. (Speed+)))
((You are covered in thick fur. (AC +2)))
((Your paws help you pounce on unaware monsters.))
You are incapable of wielding weapons or throwing items.
You cannot wear armour.
You gain extra lives every three experience levels.


Message History

The centaur unwields a +0 club.
The centaur wields a +0 shortbow.
The centaur shoots an arrow.
The arrow hits you!
The centaur shoots an arrow.
The arrow hits you!
The centaur shoots an arrow.
The arrow completely misses you.
Found a stone staircase leading down.
The centaur shoots an arrow.
The arrow barely misses you.
The centaur shoots an arrow.
The arrow closely misses you.
The centaur shoots an arrow.
The arrow hits you!
You die...
Your shape twists and changes as you die.
You are now level 5!
Your horns disappear.
You rejoin the land of the living...
Okay, then.
Welcome back, spardeous the Felid Transmuter.
Press ? for a list of commands and other information.
Found 9 stones.
Found a stone staircase leading down.
An ogre comes into view. It is wielding a +0 giant spiked club.
The ogre shouts!
Cast which spell? (? or * to list)
Okay, then.
Cast which spell? (? or * to list)
The spell is extremely dangerous to miscast (30% risk of failure)!
Continue anyway?
You turn into a venomous arachnid creature.
The ogre completely misses you.
You hit the ogre.
The ogre is poisoned.
The ogre is lightly wounded.
The ogre completely misses you.
You hit the ogre but do no damage.
The ogre looks as sick as possible!
The ogre is moderately wounded.
You hit the ogre but do no damage.
The ogre looks as sick as possible!
The ogre is moderately wounded.
Your transformation is almost over.
The ogre closely misses you.
You hit the ogre but do no damage.
The ogre is moderately wounded.
The ogre hits you with a +0 giant spiked club!!
Ouch! That really hurt!
You die...

..... ###..###
.######..#
.........###
...........
..........#
..........#
......O.>.##
.......s...#
........?.(##
............##
.............#
.............##
...........##.##
...........###.##
..........##
#..## .......##
##..## #


You could see an ogre (extremely poisoned).

Vanquished Creatures
  An ogre (D:4)
  A scorpion (D:4)
  Jessica (D:3)
  Ijyb (D:3)
  2 adders
  4 dart slugs
  6 ball pythons
  4 bats
  3 endoplasms
  3 giant cockroaches
  6 goblins
  5 hobgoblins
  5 jackals (D:1)
  7 kobolds
  2 quokkas
  2 frilled lizards
  3 rats (D:1)
56 creatures vanquished.

Notes
Turn   | Place    | Note
-------+----------+-------------------------------------------
     0 | D:1      | spardeous the Felid Transmuter began the quest for the Orb.
     0 | D:1      | Reached XP level 1. HP: 9/9 MP: 4/4
   157 | D:1      | Reached XP level 2. HP: 12/12 MP: 4/6
   882 | D:2      | Found a broken altar of Ashenzari.
   934 | D:2      | Reached XP level 3. HP: 12/15 MP: 5/7
  1086 | D:2      | Learned a level 1 spell: Sting
  1094 | D:2      | Learned a level 3 spell: Spider Form
  1570 | D:3      | Noticed Jessica
  1601 | D:3      | Killed Jessica
  1602 | D:3      | Reached XP level 4. HP: 19/19 MP: 1/8
  1826 | D:3      | Noticed Ijyb
  1867 | D:3      | Killed Ijyb
  1968 | D:3      | Reached skill level 5 in Dodging
  2389 | D:4      | Noticed a scorpion
  2414 | D:4      | Killed a scorpion
  2415 | D:4      | Reached XP level 5. HP: 22/22 MP: 5/9
  2509 | D:4      | Noticed an ogre
  2523 | D:4      | Killed an ogre
  2524 | D:4      | Reached skill level 5 in Unarmed Combat
  2524 | D:4      | Gained mutation: You are covered in thick fur. (AC +2)
                  | [Felid growth]
  2524 | D:4      | Reached XP level 6. HP: 25/25 MP: 7/10
  2819 | D:4      | Shot with an arrow by a centaur
  2820 | D:4      | Reached XP level 5. HP: 0/22 MP: 9/9
  2820 | D:4      | Upgraded the game from 0.30-a0-389-g8d7d949f56 to
                  | 0.30-a0-390-g80c34de65d
  2893 | D:4      | Noticed an ogre
  2901 | D:4      | Slain by an ogre

Illustrated notes

Levels and vault maps discovered:
D:1:      mrwooster_arrival_statue, layout_basic, bh_walls_and_bars
D:2:      layout_rooms, basic_altar
D:3:      kennysheep_big_flooded_room, layout_basic, uniq_jessica, uniq_ijyb
D:4:      layout_cave_pods, tgw_kikubaaqudgha, kennysheep_generic_room_13

Skill      XL: |  1  2  3  4  5 |
---------------+----------------+-----
Dodging        | 3 4 5 |  5.0
Unarmed Combat | 4 5 |  5.2
Transmutations | 3 |  3.7
Fighting       | |  1.0
Spellcasting   | |  2.0

Action                   |  1- 3 |  4- 6 || total
-------------------------+-------+-------++-------
Melee: Unarmed           |    89 |    71 ||   160
       Headbutt          |     7 |     8 ||    15
       Bite              |     6 |     6 ||    12
       Punch             |     2 |       ||     2
 Cast: Beastly Appendage |    28 |    17 ||    45
       Spider Form       |     1 |     3 ||     4
  Use: Potion            |       |     2 ||     2
 Stab: Sleeping          |     2 |     2 ||     4
Armor: Skin              |     2 |     1 ||     3
Dodge: Dodged            |    70 |    49 ||   119

Table legend: (Time is in decaauts)
 A = Elapsed time spent in this place.
 B = Non-inter-level travel time spent in this place.
 C = Inter-level travel time spent in this place.
 D = Time resting spent in this place.
 E = Time spent auto-exploring this place.
 F = Levels seen in this place.
 G = Mean time per level.
                   A        B        C        D        E       F      G
               +--------+--------+--------+--------+--------+-----+--------+
         Total |   2461 |   2335 |    126 |     39 |   1814 |   4 |  615.2 |
       Dungeon |   2461 |   2335 |    126 |     39 |   1814 |   4 |  615.2 |
               +--------+--------+--------+--------+--------+-----+--------+

Top non-repeatable levels by time:
     D:1: 784 daAuts
     D:3: 686 daAuts
     D:4: 534 daAuts
     D:2: 455 daAuts
